 Dungeon Crawl Stone Soup version 0.27-a0-1555-g0e7b3fb1d2 (webtiles) character file.

Game seed: 13481495422106719978

607 nyamberluvr69 the Skirmisher (level 7, -7/99 HPs)
             Began as a Minotaur Berserker on July 15, 2021.
             Was a Priest of Trog.
             Mangled by a troll (10 damage)
             ... on level 5 of the Dungeon.
             The game lasted 00:03:44 (4448 turns).

nyamberluvr69 the Skirmisher (Minotaur Berserker)   Turns: 4448, Time: 00:03:44

Health: -7/99      AC:  4    Str: 23    XL:     7   Next: 19%
Magic:  6/6        EV: 12    Int:  4    God:    Trog [***...]
Gold:   163        SH:  0    Dex: 10    Spells: 6/6 levels left

rFire    . . .     SeeInvis .   a - +0 hand axe
rCold    . . .     Faith    .   (no shield)
rNeg     . . .     Spirit   .   b - +0 animal skin
rPois    .         Reflect  .   (helmet restricted)
rElec    .         Harm     .   (no cloak)
rCorr    .         Rampage  .   (no gloves)
Will     ++...                  n - +1 pair of boots
Stlth    ..........             (no amulet)
HPRegen  1.26/turn              (no ring)
MPRegen  0.10/turn              (no ring)

@: berserking (expiring), strong-willed, regenerating, very quick
A: horns 2, retaliatory headbutt
a: Renounce Religion, Berserk, Trog's Hand


You were on level 5 of the Dungeon.
You worshipped Trog.
Trog was most pleased with you.
You visited 1 branch of the dungeon, and saw 5 of its levels.

You collected 163 gold pieces.

Inventory:

Hand Weapons
 a - a +0 hand axe (weapon)
Armour
 b - a +0 animal skin (worn)
 n - a +1 pair of boots (worn)
Jewellery
 e - a ring of resist corrosion
 i - a ring of positive energy
Wands
 k - a wand of paralysis (8)
Scrolls
 c - 5 scrolls of teleportation {unknown}
 d - 2 scrolls of immolation {unknown}
 f - a scroll of noise {unknown}
 g - a scroll of identify {unknown}
 h - a scroll of brand weapon {unknown}
 l - a scroll of blinking {unknown}
 q - a scroll of magic mapping {unknown}
 r - 2 scrolls of silence {unknown}
Potions
 j - a potion of brilliance {unknown}
 m - a potion of heal wounds {unknown}
 o - 2 potions of degeneration {unknown}
 p - a potion of cancellation {unknown}


   Skills:
 + Level 7.5 Fighting
 + Level 7.5 Axes
 - Level 2.4 Armour
 - Level 2.1 Dodging


You had 6 spell levels left.
You didn't know any spells.
Your spell library was empty.

Dungeon Overview and Level Annotations

Branches:
Dungeon (5/15)
 Temple: D:4-7

Altars:
Gozag
Trog

Shops:
D:3 !

Annotations:
D:3 2 transporters, GEC's ghost, weakling DsDe


Innate Abilities, Weirdness & Mutations

You have a pair of horns on your head.
You reflexively headbutt those who attack you in melee.


Message History

The orc warrior hits you with a +0 glaive.
You barely miss the orc warrior. You headbutt the orc warrior!
The orc warrior is severely wounded.
You slash the necrophage! The necrophage hits you.
You slice the orc warrior!!
You kill the orc warrior!
Trog accepts your kill.
You barely miss the necrophage. The necrophage hits you.
Your Fighting skill increases to level 7!
Your Axes skill increases to level 7!
Things that are here:
a +0 glaive; a +0 chain mail Unknown command.
You slash the necrophage!
You destroy the necrophage!
Trog accepts your kill.
You hit the adder. You hit the troll.
You have reached level 7!
You barely miss the troll. You headbutt the troll!
The troll is moderately wounded.
You barely miss the adder. The adder closely misses you.
The troll bites you but does no damage. The troll closely misses you.
The troll claws you!
You slash the troll!
The troll is heavily wounded.
You slash the adder!
You kill the adder!
Trog accepts your kill. The troll bites you!
* * * LOW HITPOINT WARNING * * *
The troll claws you!
* * * LOW HITPOINT WARNING * * *
The troll claws you!
* * * LOW HITPOINT WARNING * * *
You slash the troll!
The troll is severely wounded.
You completely miss the troll.
The troll is severely wounded.
The troll closely misses you. x2; The troll claws you!
You die...

############
...........#
...........#
.........+
.......#
#....#
#)<).####.
#.))......
#.@.......
#.T.......
#.........
#.##...##.
#+ ...#
..... ......
.....


You could see a troll.

Vanquished Creatures
  An orc warrior (D:5)
  A necrophage (D:5)
  A phantom (D:4)
  3 hounds (D:4)
  Terence (D:3)
  2 orc wizards (D:5)
  3 gnolls (D:4)
  4 adders
  An adder skeleton (D:4)
  2 worms
  5 dart slugs
  8 orcs
  9 endoplasms
  3 giant cockroaches
  7 goblins
  11 hobgoblins
  8 jackals
  3 quokkas
  8 ball pythons
  7 bats
  3 frilled lizards
  6 kobolds
  4 rats
101 creatures vanquished.

Notes
Turn   | Place    | Note
-------+----------+-------------------------------------------
     0 | D:1      | nyamberluvr69 the Minotaur Berserker began the quest for
                  | the Orb.
     0 | D:1      | Reached XP level 1. HP: 19/19 MP: 0/0
   553 | D:1      | Reached XP level 2. HP: 13/27 MP: 1/1
   750 | D:1      | Found a faded altar of an unknown god.
  1201 | D:1      | Reached ** piety under Trog
  1224 | D:1      | Reached XP level 3. HP: 29/34 MP: 2/2
  2623 | D:2      | Reached XP level 4. HP: 38/41 MP: 3/3
  2703 | D:3      | Noticed Terence
  2711 | D:3      | Killed Terence
  2712 | D:3      | Reached skill level 5 in Fighting
  2712 | D:3      | Reached skill level 5 in Axes
  2858 | D:3      | Found Zoeh's Distillery.
  3060 | D:3      | Found a transporter.
  3066 | D:3      | Noticed GEC's ghost (weakling DsDe)
  3066 | D:3      | Noticed an ogre
  3068 | D:3      | Found a transporter.
  3068 | D:3      | Noticed an ogre
  3096 | D:3      | Reached *** piety under Trog
  3368 | D:4      | Reached XP level 5. HP: 36/50 MP: 4/4
  3549 | D:4      | Noticed a phantom
  3557 | D:4      | Killed a phantom
  3558 | D:4      | Reached XP level 6. HP: 58/58 MP: 5/5
  3597 | D:4      | Found a bloodstained altar of Trog.
  3817 | D:4      | Found an opulent altar of Gozag.
  4430 | D:5      | Entered Level 5 of the Dungeon
  4430 | D:5      | Noticed an orc warrior
  4436 | D:5      | Noticed a troll
  4442 | D:5      | Killed an orc warrior
  4445 | D:5      | Reached XP level 7. HP: 46/66 MP: 6/6
  4446 | D:5      | HP: 2/99 [troll (11)]
  4448 | D:5      | Mangled by a troll

Illustrated notes

Levels and vault maps discovered:
D:1:      denvon_arrival_waterhouse, layout_loops_cross,
          ebering_ecumenical_altar_rust
D:2:      layout_basic
D:3:      layout_rooms, gammafunk_ghost_smash, serial_shops, shop, uniq_terence
D:4:      layout_basic, trog_three_pillars_becter, grunt_gozag_statues
D:5:      layout_gridville, minmay_temple_entry_waves,
          cheibrodos_sewer_entry_drain, chequers_serial_rivers_room_b,
          uniq_grinder

Skill      XL: |  1  2  3  4  5  6 |
---------------+-------------------+-----
Fighting       | 4 5 6 7 |  7.5
Axes           | 4 5 6 7 |  7.5
Armour         | |  2.4
Dodging        | |  2.1

Action                   |  1- 3 |  4- 6 |  7- 9 || total
-------------------------+-------+-------+-------++-------
Melee: Hand axe          |   111 |   119 |     4 ||   234
       Headbutt          |    12 |    18 |     1 ||    31
Invok: Berserk           |     1 |     6 |       ||     7
       Trog's Hand       |       |     1 |       ||     1
 Stab: Sleeping          |     2 |       |       ||     2
Armor: Animal skin       |    18 |    24 |     1 ||    43
Dodge: Dodged            |    67 |    68 |     4 ||   139

Table legend: (Time is in decaauts)
 A = Elapsed time spent in this place.
 B = Non-inter-level travel time spent in this place.
 C = Inter-level travel time spent in this place.
 D = Time resting spent in this place.
 E = Time spent auto-exploring this place.
 F = Levels seen in this place.
 G = Mean time per level.
                   A        B        C        D        E       F      G
               +--------+--------+--------+--------+--------+-----+--------+
         Total |   4509 |   4430 |     79 |    843 |   3053 |   5 |  901.8 |
       Dungeon |   4509 |   4430 |     79 |    843 |   3053 |   5 |  901.8 |
               +--------+--------+--------+--------+--------+-----+--------+

Top non-repeatable levels by time:
     D:1: 1712 daAuts
     D:4: 1171 daAuts
     D:2: 1005 daAuts
     D:3: 608 daAuts
     D:5: 12 daAuts
